 Dungeon Crawl Stone Soup version 0.31.0-9-g3a7656b989 (webtiles) character file.

Game seed: 14001611942128445096

226 qw the Skirmisher (level 5, -7/29 HPs)
             Began as a Deep Elf Hunter on Feb 2, 2024.
             Mangled by an orc
             ... wielding a +0 morningstar
              (10 damage)
             ... on level 4 of the Dungeon.
             The game lasted 00:00:11 (2570 turns).

qw the Skirmisher (Deep Elf Hunter)                 Turns: 2570, Time: 00:00:12

Health: -7/29      AC: 10    Str: 10    XL:     5   Next: 69%
Magic:  7/7        EV: 11    Int: 23    God:
Gold:   222        SH:  0    Dex: 18    Spells: 4/4 levels left

rFire   . . .        a - +0 shortbow
rCold   . . .        (shield currently unavailable)
rNeg    . . .        k - +0 ring mail
rPois   .            b - +0 helmet
rElec   .            g - +0 cloak
rCorr   +            c - +2 pair of gloves "Buvanyst" {Int+9}
SInv    .            (no boots)
Will    +....        (no amulet)
Stlth   +            h - ring of willpower
HPRegen 0.24/turn    i - ring of resist corrosion
MPRegen 0.10/turn

%: no passive effects
@: no status effects
A: no striking features
a: no special abilities


You were on level 4 of the Dungeon.
You visited 1 branch of the dungeon, and saw 4 of its levels.

You collected 222 gold pieces.


   Skills:
 + Level 1.6 Fighting
 - Level 9.0 Ranged Weapons
 - Level 1.1 Armour
 - Level 2.4 Dodging
 - Level 1.2 Stealth


You had 4 spell levels left.
You didn't know any spells.
Your spell library was empty.

Inventory:

Hand Weapons
 a - a +0 shortbow (weapon)
Armour
 b - a +0 helmet (worn)
 c - the +2 pair of gloves "Buvanyst" (worn) {Int+9}
   (You found it on level 2 of the Dungeon)

   Int+9:     It affects your intelligence (+9).
 g - a +0 cloak (worn)
 k - a +0 ring mail (worn)
Jewellery
 h - a ring of willpower (left hand)
 i - a ring of resist corrosion (right hand)
 j - a ring of positive energy
Potions
 d - 3 potions of curing
 e - a potion of cancellation {unknown}
 f - a potion of heal wounds {unknown}

Dungeon Overview and Level Annotations

Branches:
Dungeon (4/15)
 Temple: D:4-7

Altars:
Ashenzari
Elyvilon
Vehumet

Shops:
D:3 [


Message History

You shoot an arrow. The arrow closely misses the orc.
The arrow hits the orc.
The orc is lightly wounded.
You hear a shout!
A hobgoblin comes into view.
You shoot an arrow. The arrow barely misses the orc.
The arrow hits the orc but does no damage.
The orc is lightly wounded.
You shoot an arrow. The arrow closely misses the orc.
The arrow hits the orc.
The orc is severely wounded.
The orc hits you with a +0 flail.
You shoot an arrow. The arrow completely misses the orc.
The orc barely misses you.
You shoot an arrow. The arrow barely misses the orc.
The orc hits you but does no damage. The orc completely misses you.
You shoot an arrow. The arrow barely misses the orc.
The arrow closely misses the orc.
The orc hits you but does no damage. The orc hits you with a +0 flail.
The orc hits you with a +0 flail!
You shoot an arrow. The arrow hits the orc.
The orc is heavily wounded.
The orc barely misses you. The orc hits you but does no damage.
You shoot an arrow. The arrow barely misses the orc.
The orc barely misses you. The orc hits you but does no damage. x2
You shoot an arrow.
The arrow hits the orc but does no damage.
The orc is severely wounded.
The orc hits you with a +0 mace. The orc closely misses you.
The orc hits you but does no damage.
You shoot an arrow. The arrow hits the orc.
You kill the orc!
The orc completely misses you. The orc hits you with a +0 mace.
Your Ranged Weapons skill increases to level 9!
You shoot an arrow. The arrow hits the orc!
You kill the orc!
The orc hits you with a +0 mace.
The hobgoblin hits you but does no damage.
You shoot an arrow.
The arrow hits the orc but does no damage.
The orc hits you with a +0 morningstar!
You die...

....### ......# .......
....#.# ....... ....#.#
..?.... ....#.### ......
........# ....#
........# ...##..
........#########o......
##......'.......@o....#
#^.)...#########g....#
######### .....# #
####.# # # # # # #


You could see 2 orcs and a hobgoblin.

Vanquished Creatures
  An iguana (D:3)
  An adder (D:2)
  10 gnolls
  4 dart slugs
  A ribbon worm (D:2)
  5 orcs
  6 bats
  5 endoplasms
  4 giant cockroaches
  5 goblins
  3 hobgoblins
  9 jackals
  6 kobolds
  4 quokkas
  7 ball pythons
  5 frilled lizards
  4 rats
80 creatures vanquished.

Notes
Turn   | Place    | Note
-------+----------+-------------------------------------------
     0 | D:1      | qw the Deep Elf Hunter began the quest for the Orb.
     0 | D:1      | Reached XP level 1. HP: 12/12 MP: 3/3
     0 | D:1      | 0 ||| qw: Version: 0.3-a-155-g5e7d8dd
     0 | D:1      | 0 ||| qw: Game counter: 501
     0 | D:1      | 0 ||| qw: Melee chars always use a shield: true
     0 | D:1      | 0 ||| qw: God list: Okawaru
     0 | D:1      | 0 ||| qw: Allow faded altars: false
     0 | D:1      | 0 ||| qw: Do Orc after clearing Dungeon:15 true
     0 | D:1      | 0 ||| qw: Do second Lair branch before Depths: true
     0 | D:1      | 0 ||| qw: Lair rune preference: random
     0 | D:1      | 0 ||| qw: Goals: Normal
     0 | D:1      | 0 ||| PLANNING D:1-11
    97 | D:1      | Reached XP level 2. HP: 16/16 MP: 4/4
   112 | D:1      | Reached skill level 6 in Ranged Weapons
   174 | D:1      | Found a faded altar of an unknown god.
   557 | D:1      | 557 ||| UPGRADING to +0 ring mail.
   567 | D:1      | 567 ||| DROPPING +0 leather armour.
   568 | D:1      | 568 ||| READING scroll labelled YCUUSS ZUTUNE.
   573 | D:1      | 573 ||| READING scroll labelled FESKEOW NICINK.
   573 | D:1      | 573 ||| IDENTIFYING yellow potion
   574 | D:1      | 574 ||| READING scroll labelled UKAUJ WUSUGEMO.
   575 | D:1      | 575 ||| READING scroll labelled UHIRIA QYODUL.
   576 | D:1      | 576 ||| READING scroll labelled SIUNONG OGAUCH.
   577 | D:1      | 577 ||| DROPPING scroll of butterflies.
   578 | D:1      | 578 ||| DROPPING potion of invisibility.
   590 | D:2      | 590 ||| STAIRDANCE
   594 | D:2      | 594 ||| STAIRDANCE
   638 | D:2      | 638 ||| STAIRDANCE
   642 | D:1      | HP: 4/16 [gnoll/+0 club (2)]
   644 | D:1      | Reached XP level 3. HP: 5/20 MP: 5/5
   710 | D:2      | 710 ||| STAIRDANCE
   730 | D:2      | 730 ||| STAIRDANCE
   735 | D:1      | Reached skill level 7 in Ranged Weapons
   741 | D:2      | 741 ||| STAIRDANCE
   744 | D:1      | HP: 4/20 [gnoll/+0 flail (7)]
   869 | D:2      | 869 ||| FLEEEEING.
   906 | D:2      | Reached XP level 4. HP: 25/25 MP: 6/6
  1166 | D:2      | Found a white marble altar of Elyvilon.
  1317 | D:2      | You fall into a shaft and drop 1 floor!
  1341 | D:3      | 1341 ||| UPGRADING to +0 helmet.
  1346 | D:3      | 1346 ||| DROPPING scarf of harm.
  1347 | D:3      | 1347 ||| UPGRADING to ring of willpower.
  1348 | D:3      | 1348 ||| READING scroll labelled CEN XOAMNOSE.
  1502 | D:2      | Identified the +2 pair of gloves "Buvanyst" {Int+9}
  1682 | D:2      | 1682 ||| UPGRADING to +2 pair of gloves "Buvanyst" {Int+9}.
  1687 | D:2      | 1687 ||| DRINKING 3 sedimented silvery potions.
  1796 | D:3      | Reached skill level 8 in Ranged Weapons
  1868 | D:3      | Found a broken altar of Ashenzari.
  1963 | D:3      | Reached XP level 5. HP: 29/29 MP: 7/7
  2048 | D:3      | HP: 7/29 [gnoll/+0 flail (7)]
  2051 | D:3      | HP: 1/29 [gnoll/+0 flail (7)]
  2205 | D:3      | Found a radiant altar of Vehumet.
  2299 | D:3      | Found Jocimops's Armour Emporium.
  2350 | D:3      | 2350 ||| UPGRADING to +0 cloak.
  2355 | D:3      | 2355 ||| UPGRADING to ring of resist corrosion.
  2484 | D:4      | Reached skill level 1 in Armour
  2569 | D:4      | Reached skill level 9 in Ranged Weapons
  2569 | D:4      | HP: 3/29 [orc/+0 mace (6)]
  2570 | D:4      | Mangled by an orc

Levels and vault maps discovered:
D:1:      nagdon_arrival_zigzag_paths, layout_basic,
          chequers_ecumenical_altar_grove
D:2:      layout_basic, basic_altar, kennysheep_generic_room_14
D:3:      layout_basic, nicolae_overflow_crystal_walls, amcnicky_altar_gilded,
          serial_shops, shop
D:4:      layout_basic

Skill      XL: |  1  2  3  4  5 |
---------------+----------------+-----
Ranged Weapons | 6 7 8 9 |  9.0
Armour         | 1 |  1.1
Fighting       | |  1.6
Dodging        | |  2.4
Stealth        | |  1.2

Action                     |  1- 3 |  4- 6 || total
---------------------------+-------+-------++-------
   Fire: Shortbow          |    76 |   179 ||   255
    Use: Scroll            |     5 |     1 ||     6
         Potion            |       |     1 ||     1
 Armour: Leather armour    |     2 |       ||     2
         Ring mail         |    27 |    70 ||    97
  Dodge: Dodged            |    31 |    63 ||    94

Table legend:
 A = Non-vault XP
 B = Vault XP
 C = Vault XP percentage of total XP
 D = Non-vault monster count
 E = Vault monster count
 F = Vault count percentage of total count
                 A         B        C        D         E       F
            +---------+---------+-------+---------+---------+-------
      Total |     322 |       2 |   0.6 |      79 |       1 |   1.2
            +---------+---------+-------+---------+---------+-------
        D:1 |      87 |       0 |   0.0 |      24 |       0 |   0.0
        D:2 |      52 |       2 |   3.7 |      20 |       1 |   4.8
        D:3 |     131 |       0 |   0.0 |      28 |       0 |   0.0
        D:4 |      52 |       0 |   0.0 |       7 |       0 |   0.0
            +---------+---------+-------+---------+---------+-------
